 Dungeon Crawl Stone Soup version 0.25.1-2-g60ff931df9 (webtiles) character file.

Game seed: 14466910566011079436

518 JayGee the Cleaver (level 7, -21/58 HPs)
             Began as a Minotaur Fighter on Oct 11, 2020.
             Blown up by Ijyb (26 damage)
             ... with a disintegration bolt
             ... on level 5 of the Dungeon.
             The game lasted 00:13:37 (3883 turns).

JayGee the Cleaver (Minotaur Fighter)               Turns: 3883, Time: 00:13:37

Health: -21/58     AC: 11    Str: 22    XL:     7   Next: 1%
Magic:  6/6        EV:  5    Int:  7    God:
Gold:   261        SH: 14    Dex: 10    Spells: 6/6 levels left

rFire    . . .     SeeInvis .   a - +0 war axe
rCold    + . .     Gourm    .   c - +0 kite shield
rNeg     . . .     Faith    .   x - +1 chain mail {rC+}
rPois    .         Spirit   .   h - +0 hat
rElec    .         Reflect  +   (no cloak)
rCorr    .         Harm     .   (no gloves)
MR       .....     Rnd*Rage +   (no boots)
Stlth    ..........             e - amulet of reflection
HPRegen  0.19/turn              (no ring)
MPRegen  0.10/turn              (no ring)

@: mighty
A: retaliatory headbutt, horns 2, berserk 1, clever 1, screaming 1, shaggy fur 1
a: no special abilities


You were on level 5 of the Dungeon.
You were not hungry.

You visited 1 branch of the dungeon, and saw 5 of its levels.

You collected 261 gold pieces.

Inventory:

Hand Weapons
 a - a +0 war axe (weapon)
Missiles
 i - 10 boomerangs (quivered)
Armour
 c - a +0 kite shield (worn)
 h - a +0 hat (worn)
 x - a +1 chain mail of cold resistance (worn)
Jewellery
 e - an amulet of reflection (around neck)
 p - an uncursed amulet of guardian spirit
Wands
 y - a wand of enslavement (8)
Scrolls
 g - 6 scrolls of identify
 j - a scroll of immolation {unknown}
 n - a scroll of enchant weapon {unknown}
 o - a scroll of blinking {unknown}
 q - a scroll of remove curse
 s - 3 scrolls of enchant armour
 u - a scroll of teleportation {unknown}
 w - a scroll of fear {unknown}
Potions
 d - a potion of might
 k - a potion of mutation
 l - a potion of heal wounds {unknown}
 m - 3 potions of curing
 r - a potion of flight {unknown}
 t - a potion of ambrosia {unknown}
 v - a potion of degeneration {unknown}
Comestibles
 b - 2 chunks of flesh
 f - 11 rations


   Skills:
 - Level 3.6 Fighting
 + Level 9.2 Axes
 - Level 3.6 Armour
 - Level 3.6 Shields


You had 6 spell levels left.
You didn't know any spells.
Your spell library was empty.

Dungeon Overview and Level Annotations

Branches:
Dungeon (5/15)
 Temple: D:4-7

Altars:

Annotations:
D:5 Ijyb


Innate Abilities, Weirdness & Mutations

You reflexively headbutt those who attack you in melee.
You have a pair of horns on your head.
You tend to lose your temper in combat.
Your mind is acute. (Int +2)
You occasionally shout uncontrollably at your foes.
You are covered in fur. (AC +1)


Message History

Found 23 stones.
Found 14 gold pieces.
Ijyb the Twisted Goblin comes into view.
She is wielding a +0 dagger and carrying a wand of disintegration (10).
Ijyb zaps a wand.
You are blasted!
There is an open door here.
You see here a leopard gecko skeleton.
Ijyb zaps a wand.
You are blasted!
Ijyb zaps a wand.
You are blasted!
* * * LOW HITPOINT WARNING * * *
You see here a leopard gecko skeleton.
Ijyb hits you but does no damage.
Your shield and chain mail prevent you from hitting Ijyb.
Ijyb zaps a wand.
You struggle to resist.
You feel very mighty all of a sudden. You block Ijyb's attack.
It was a potion of mutation.
You feel extremely strange.
You feel the urge to shout.
You feel a little pissed off.
You feel clever. Fur sprouts all over your body.
Ijyb zaps a wand.
You are blasted!
You die...

#......(..#
#.........#
#.........#
#..########
#.........#. #[.##
#........... #...#
#.........# ###+#.###
#.........# #....[..#
#.........# #.......#
#.....#######.......#
#.....'g@รท..........#
#.....############+##
#.....# #.....#
#.....# #.....#
#.....# #.....#
#.....#


You could see Ijyb.

Vanquished Creatures
  A scorpion (D:4)
  A water moccasin skeleton (D:4)
  A bullfrog zombie (D:5)
  2 orc priests (D:4)
  A hound (D:4)
  A jelly (D:5)
  An iguana (D:4)
  4 worker ants (D:4)
  3 adders
  3 worms
  3 dart slugs
  5 leopard geckos
  10 orcs (D:4)
  6 bats
  3 giant cockroaches
  4 goblins
  9 hobgoblins
  8 jackals
  9 kobolds
  4 quokkas
  5 frilled lizards
  20 rats
104 creatures vanquished.

Notes
Turn   | Place    | Note
-------+----------+-------------------------------------------
     0 | D:1      | JayGee the Minotaur Fighter began the quest for the Orb.
     0 | D:1      | Reached XP level 1. HP: 19/19 MP: 0/0
   123 | D:1      | Reached skill level 3 in Axes
   124 | D:1      | Reached XP level 2. HP: 22/27 MP: 1/1
   544 | D:1      | Reached skill level 4 in Axes
   699 | D:1      | Reached XP level 3. HP: 33/33 MP: 2/2
  1470 | D:2      | Reached skill level 5 in Axes
  1842 | D:3      | Reached XP level 4. HP: 40/40 MP: 3/3
  2613 | D:4      | Reached skill level 6 in Axes
  2620 | D:4      | Reached XP level 5. HP: 45/46 MP: 4/4
  2793 | D:4      | Reached skill level 7 in Axes
  2847 | D:4      | Reached XP level 6. HP: 47/52 MP: 5/5
  2902 | D:4      | Reached skill level 8 in Axes
  3781 | D:5      | Entered Level 5 of the Dungeon
  3793 | D:5      | Reached skill level 9 in Axes
  3811 | D:5      | Reached XP level 7. HP: 57/58 MP: 6/6
  3866 | D:5      | Noticed Ijyb
  3883 | D:5      | Gained mutation: You occasionally shout uncontrollably at
                  | your foes. [potion of mutation]
  3883 | D:5      | Gained mutation: You tend to lose your temper in combat.
                  | [potion of mutation]
  3883 | D:5      | Gained mutation: Your mind is acute. (Int +2) [potion of
                  | mutation]
  3883 | D:5      | Gained mutation: You are covered in fur. (AC +1) [potion of
                  | mutation]
  3883 | D:5      | Blown up by Ijyb

Illustrated notes

Levels and vault maps discovered:
D:1:      minmay_arrival_glassed_features, layout_basic, serial_park_tiny_1
D:2:      layout_basic, first_ration, minmay_rat_gold_closets
D:3:      layout_basic
D:4:      layout_loops_ring
D:5:      layout_basic, minmay_temple_entry_offerings, serial_shops,
          shop_scrolls, uniq_sigmund, uniq_duvessa, uniq_ijyb, uniq_pikel

Skill      XL: |  1  2  3  4  5  6 |
---------------+-------------------+-----
Axes           | 3 4 5 6 7 9 |  9.2
Fighting       | |  3.6
Armour         | |  3.6
Shields        | |  3.6

Action                   |  1- 3 |  4- 6 |  7- 9 || total
-------------------------+-------+-------+-------++-------
Melee: War axe           |   135 |   162 |     4 ||   301
       Headbutt          |    10 |    28 |     1 ||    39
  Use: Scroll            |       |     5 |       ||     5
       Potion            |       |     1 |     2 ||     3
  Eat: Chunk             |     3 |     7 |       ||    10
Armor: Scale mail        |     7 |       |       ||     7
       Chain mail        |    66 |    43 |     1 ||   110
Dodge: Dodged            |    38 |    17 |       ||    55
Block: Kite shield       |    74 |   122 |     2 ||   198
       Reflection        |       |     3 |       ||     3
